 Dungeon Crawl Stone Soup version 0.15.1 (webtiles) character file.

5527 Chiseanne the Thaumaturge (level 10, -1/81 HPs)
             Began as a Troll Wizard on Sept 17, 2014.
             Succumbed to a killer bee's poison
             ... on Level 9 of the Dungeon.
             The game lasted 00:46:33 (12263 turns).

Chiseanne the Thaumaturge (Troll Wizard)           Turns: 12263, Time: 00:46:33

HP  -1/81        AC  7     Str 17      XL: 10   Next: 43%
MP  17/24        EV  9     Int 17      God:
Gold 165         SH  0     Dex  8      Spells:  5 memorised, 14 levels left

rFire  . . .     SeeInvis .     f - +4 great sword
rCold  . . .     Clarity  .     a - +1 robe
rNeg   . . .     rCorr    .     (shield restricted)
rPois  .         rRot     .     b - +1 hat
rElec  .         Spirit   .     (no cloak)
SustAb .         Warding  .     (gloves unavailable)
rMut   +         Stasis   .     (boots unavailable)
Gourm  +                        y - amulet of resist mutation
MR     .....                    (no ring)
                                C - ring of teleport control

@: lethally poisoned, not resistant to hostile enchantments, very unstealthy
A: unfitting armour, claws 3, fast metabolism 3, gourmand, regeneration 2,
saprovore 2, shaggy fur 1, tough skin 2
a: Evoke Teleport Control


You were on level 9 of the Dungeon.
You were very full.

You visited 2 branches of the dungeon, and saw 10 of its levels.
You also visited: Sewer and Ossuary.

You collected 594 gold pieces.
You spent 429 gold pieces at shops.

Inventory:

Hand weapons
 f - a +4 great sword (weapon)
 u - a +0 blowgun
Missiles
 s - 7 tomahawks (quivered)
 t - 16 poisoned needles
Armour
 a - a +1 robe (worn)
 b - a +1 hat (worn)
 A - a +0 shield
Magical devices
 F - a wand of paralysis (9)
Comestibles
 d - 5 meat rations
 p - 2 bread rations
 q - 11 royal jellies
Scrolls
 w - 3 scrolls of remove curse
 x - a scroll of recharging
 z - 4 scrolls of teleportation
 G - a scroll of vulnerability
 H - a scroll of blinking
 I - 3 scrolls of enchant armour
Jewellery
 g - an uncursed ring of ice
 y - an amulet of resist mutation (around neck)
 C - a ring of teleport control (left claw)
Potions
 e - 5 potions of curing
 h - 3 potions of might
 i - a potion of restore abilities
 j - 4 potions of brilliance
 k - a potion of cure mutation
 m - a potion of decay {unknown}
 n - 2 potions of heal wounds
 o - a potion of poison {unknown}
 r - 3 potions of agility
 v - 2 potions of lignification
 B - a potion of cancellation {unknown}
 D - 4 potions of berserk rage
 E - a potion of resistance {unknown}
Books
 c - a book of Minor Magic

   Spells                             Type                      Level
   *Magic Dart                        Conjuration                  1
   *Blink                             Translocation                2
   Call Imp                           Summoning                    2
   *Repel Missiles                    Charms/Air                   2
   Slow                               Hexes                        2
   *Conjure Flame                     Conjuration/Fire             3
   *Mephitic Cloud                    Conjuration/Poison/Air       3
 J - a book of Fire

   Spells                             Type                      Level
   Ignite Poison                      Fire/Transmutation           5
   Fireball                           Conjuration/Fire             5
   Bolt of Fire                       Conjuration/Fire             6
   Delayed Fireball                   Conjuration/Fire             7
   Ring of Flames                     Charms/Fire                  7
Magical staves
 l - an uncursed staff of energy


   Skills:
 - Level 1.5 Dodging
 - Level 1.1 Stealth
 * Level 8.0 Spellcasting
 * Level 7.9 Conjurations
   Level 0.6 Summonings
 - Level 0.6 Translocations


You had 14 spell levels left.
You knew the following spells:

 Your Spells              Type           Power        Failure   Level  Hunger
a - Magic Dart            Conj           ####         1%          1    None
b - Conjure Flame         Conj/Fire      ###.....     10%         3    ##.....
c - Mephitic Cloud        Conj/Pois/Air  ###.....     12%         3    ##.....
d - Repel Missiles        Chrm/Air       #.....       17%         2    None
e - Blink                 Tloc           N/A          14%         2    None


Dungeon Overview and Level Annotations

Branches:
Dungeon (9/15)             Temple (1/1) D:4
    Orc: D:9-12        Lair: D:8-11

Altars:
Ashenzari
Cheibriados
Elyvilon
Fedhas
Kikubaaqudgha
Makhleb
Nemelex Xobeh
Okawaru
Qazlal
Sif Muna
Trog
Xom
Yredelemnul
Zin
The Shining One

Shops:
D:8 *

Annotations:
D:4 exclusion: oklob sapling


Innate Abilities, Weirdness & Mutations

You are too large for most types of armour.
You have claws for hands.
Your metabolism is lightning-fast.
You like to eat raw meat.
You heal very quickly.
You can eat rotten meat.
You are covered in fur (AC +1).
You have very tough skin (AC +2).


Message History

The killer bee poisons you!
Casting: Magic Dart
Confirm with . or Enter, or press ? or * to list all spells.
Aiming: Magic Dart
Press: ? - help, Shift-Dir - straight line, f/p - killer bee
Aim: a killer bee The magic dart hits the killer bee.
You kill the killer bee!
Your Spellcasting skill increases to level 8!
* * * LOW HITPOINT WARNING * * *
You feel very sick. The killer bee closely misses you.
Casting: Magic Dart
Confirm with . or Enter, or press ? or * to list all spells.
Aiming: Magic Dart
Press: ? - help, Shift-Dir - straight line, f/p - killer bee
Aim: a killer bee The magic dart hits the killer bee.
The killer bee is moderately wounded.
You die...

##.........#
#.........###
##....###....##
####....###......#
####........#.......#
#.............#...###
......###.....##..#
...######......#..#
....## #......Zy@.##
.....# #.....####?.##
............## ###.#
.####....... ### ##
##....y #......
...... ..... ....


You could see a killer bee and a hill giant zombie.

Vanquished Creatures
  Pikel (D:7)
  2 wraiths (Ossuary)
  Eustachio (D:7)
  2 hippogriffs
  4 ice beasts
  2 sky beasts
  A black bear (D:7)
  2 phantoms
  3 orc warriors
  A slave (D:7)
  3 ogres
  5 centaurs
  A necrophage (D:8)
  A manticore skeleton (D:9)
  6 big kobolds (Sewer)
  3 giant frogs (D:7)
  2 scorpions
  7 killer bees
  A yak skeleton (D:7)
  10 wights
  2 goliath beetles
  3 crimson imps
  4 jellies
  4 orc wizards
  A centaur skeleton (D:7)
  3 orc priests
  A hound (D:8)
  2 worker ants
  A killer bee zombie (D:5)
  A hound zombie (D:5)
  4 gnolls (D:2)
  12 adders
  A shadow imp (D:6)
  2 inept feature mimics
  2 giant mites
  6 worms
  2 iguana skeletons
  11 giant geckos
  10 oozes
  23 orcs
  2 ball pythons
  3 giant cockroaches
  2 gnoll zombies (D:2)
  15 goblins
  15 hobgoblins
  22 jackals
  4 quokkas
  23 bats
  A giant gecko skeleton (D:5)
  8 giant newts
  3 hobgoblin skeletons
  A hobgoblin zombie (D:6)
  19 kobolds
  2 kobold zombies (Ossuary)
  An orc skeleton (Ossuary)
  3 orc zombies (Ossuary)
  A quokka zombie (D:8)
  22 rats
  2 plants
302 creatures vanquished.

Vanquished Creatures (others)
  A bat (D:7)
  A jackal skeleton (D:7)
  A rat (D:7)
  A plant (D:5)
4 creatures vanquished.

Grand Total: 306 creatures vanquished

Notes
Turn   | Place    | Note
--------------------------------------------------------------
     0 | D:1      | Chiseanne, the Troll Wizard, began the quest for the Orb.
     0 | D:1      | Reached XP level 1. HP: 16/16 MP: 3/3
   297 | D:1      | Reached XP level 2. HP: 22/24 MP: 3/3
   946 | D:2      | Reached skill level 1 in Conjurations
   992 | D:2      | Reached XP level 3. HP: 31/31 MP: 1/5
  1289 | D:2      | Reached XP level 4. HP: 39/39 MP: 6/6
  1315 | D:2      | Reached skill level 3 in Spellcasting
  1496 | D:2      | Learned a level 3 spell: Conjure Flame
  1500 | D:2      | Learned a level 3 spell: Mephitic Cloud
  1503 | D:2      | Learned a level 2 spell: Repel Missiles
  1542 | D:2      | Found a shimmering altar of Xom.
  1545 | D:2      | Found a shimmering altar of Xom.
  1545 | D:2      | Found a shimmering altar of Xom.
  1933 | D:2      | Found a basalt altar of Yredelemnul.
  2163 | D:3      | Reached XP level 5. HP: 41/45 MP: 8/8
  2332 | D:3      | Found a glowing drain.
  2383 | Sewer    | Entered a sewer
  2621 | Sewer    | Reached XP level 6. HP: 28/53 MP: 6/11
  2739 | Sewer    | Reached skill level 4 in Spellcasting
  3046 | Sewer    | Reached XP level 7. HP: 59/59 MP: 3/13
  3120 | Sewer    | Learned a level 2 spell: Blink
  3611 | D:3      | Found a glowing golden altar of the Shining One.
  4055 | D:4      | Found a staircase to the Ecumenical Temple.
  4735 | Temple   | Entered the Ecumenical Temple
  4950 | D:5      | Entered Level 5 of the Dungeon
  4951 | D:5      | Found a glowing golden altar of the Shining One.
  5197 | D:5      | Found a sand-covered staircase.
  5203 | Ossuary  | Entered an ossuary
  5259 | Ossuary  | Reached skill level 5 in Spellcasting
  5391 | Ossuary  | Noticed a flying skull
  5391 | Ossuary  | Noticed a wraith
  5520 | Ossuary  | HP: 2/59 [wight/runed great sword (15)]
  5625 | Ossuary  | Noticed a flying skull
  5647 | Ossuary  | Noticed a flying skull
  5657 | Ossuary  | Reached XP level 8. HP: 44/67 MP: 16/16
  5711 | Ossuary  | Noticed a flying skull
  5712 | Ossuary  | Noticed a flying skull
  5717 | Ossuary  | Noticed a wraith
  5729 | Ossuary  | HP: 2/67 [wraith (3)]
  5733 | Ossuary  | Killed a wraith
  5845 | Ossuary  | Noticed a wraith
  5850 | Ossuary  | Killed a wraith
  6269 | D:5      | Reached skill level 5 in Conjurations
  6883 | D:5      | Reached skill level 6 in Spellcasting
  7387 | D:6      | Reached XP level 9. HP: 56/74 MP: 16/20
  7452 | D:6      | Found a shattered altar of Ashenzari.
  8171 | D:6      | Found a bloodstained altar of Trog.
  8172 | D:6      | Found an iron altar of Okawaru.
  8378 | D:6      | Found a white marble altar of Elyvilon.
  9376 | D:7      | Noticed Pikel
  9388 | D:7      | Paralysed by Pikel for 7 turns
  9390 | D:7      | Killed Pikel
  9390 | D:7      | Reached skill level 7 in Spellcasting
  9710 | D:7      | Noticed Eustachio
  9739 | D:7      | Killed Eustachio
  9877 | D:7      | Reached XP level 10. HP: 81/81 MP: 8/22
 10073 | D:7      | Found a burning altar of Makhleb.
 10625 | D:8      | Found Gusy's Assorted Antiques.
 10649 | D:8      | Bought a scroll of identify for 48 gold pieces
 10649 | D:8      | Bought a hardcover book for 360 gold pieces
 10649 | D:8      | Bought an inky potion for 21 gold pieces
 10684 | D:8      | Found a bloodstained altar of Trog.
 10757 | D:8      | Found an ancient bone altar of Kikubaaqudgha.
 11247 | D:8      | Found a deep blue altar of Sif Muna.
 12262 | D:9      | Reached skill level 8 in Spellcasting
 12262 | D:9      | HP: 3/81 [poisoned by a killer bee]
 12263 | D:9      | Succumbed to a killer bee's poison

Action                   |  1- 3 |  4- 6 |  7- 9 | 10-12 || total
-------------------------+-------+-------+-------+-------++-------
Melee: Unarmed           |   124 |   263 |   201 |       ||   588
       Staff             |       |       |    39 |       ||    39
       Giant spiked club |       |       |     8 |       ||     8
       Great sword       |       |       |   323 |   149 ||   472
 Cast: Magic Dart        |    30 |    67 |   237 |   156 ||   490
       Repel Missiles    |       |     1 |       |       ||     1
       Conjure Flame     |       |       |    13 |     3 ||    16
       Mephitic Cloud    |       |       |     9 |     1 ||    10
Evoke: Wand              |       |       |     2 |       ||     2
  Use: Scroll            |       |     7 |    18 |     3 ||    28
       Potion            |       |       |     8 |       ||     8
 Stab: Sleeping          |       |       |     3 |     1 ||     4
       Confused          |       |       |       |     1 ||     1
  Eat: Chunk             |    17 |    12 |    70 |    24 ||   123
